Stars vs Admirals

Created - Thursday, October 09, 2014 at 23:02

Goals
1 2 3 T
Stars 0 1 0 1
Admirals 0 0 2 2
Shots
1 2 3 T
Stars 9 9 10 28
Admirals 5 5 20 30

1st period

No Goal

Penalties :
Jonathan Marchessault (NOR) for Roughing (Minor) at 0:07, Micheal Haley (TEX) for High sticking (Minor) at 3:18

2nd period

1. Stars , Carlo Colaiacovo 3 (Wacey Hamilton) at 17:23

Penalties :
No Penalty

3rd period

2. Admirals , Jean-Gabriel Pageau 2 (Carter Ashton, Mike Sislo) at 4:46
3. Admirals , Jean-Gabriel Pageau 3 (Carter Ashton, Mike Sislo) at 14:19

Penalties :
Nathan McIver (NOR) for Fighting (Major) at 2:05, Steven Delisle (TEX) for Fighting (Major) at 2:05, Cameron Gaunce (TEX) for Holding Stick (Minor) at 6:38

Goalie Stats

Joey MacDonald (TEX), 28 saves from 30 shots - (0.933), L, 0-1-0, 59:21 minutes
Brad Thiessen (NOR), 27 saves from 28 shots - (0.964), W, 1-0-0, 60:00 minutes

Players Stats for Stars

Player Name              G  A  P  +/- PIM S  H  SB GA TA FO     MP     PP MP  PK MP  
------------------------------------------------------------------------------------
Alexandre Grenier        0  0  0   0  0   2  0  0  1  0  1/1    19:33   1:07   3:03 
Austin Madaisky          0  0  0  -1  0   0  4  2  0  2  0/0    21:20   1:02   1:41 
Brad Malone              0  0  0   1  0   1  1  0  0  1  4/15   20:08   1:07   2:43 
Brett Ponich             0  0  0   0  0   0  0  0  0  0  0/0     1:21   0:00   0:00 
Cameron Gaunce           0  0  0   0  2   2  0  0  0  0  0/0    23:05   0:57   0:58 
Carlo Colaiacovo         1  0  1   0  0   10 2  2  4  0  0/0    24:25   0:57   2:17 
Carter Bancks            0  0  0   0  0   0  1  0  0  1  2/2     9:37   0:00   0:10 
Dylan Yeo                0  0  0   0  0   0  2  0  0  1  0/1    15:57   0:00   1:19 
Joonas Rask              0  0  0  -1  0   3  3  0  0  1  0/0    17:31   0:52   0:00 
Justin Shugg             0  0  0  -1  0   0  3  1  1  1  3/5    21:23   1:07   0:45 
Matt Watkins             0  0  0   0  0   0  0  0  0  0  0/0     2:27   0:00   0:00 
Michael Davies           0  0  0   0  0   0  2  0  0  1  0/0    11:31   0:00   0:00 
Micheal Haley            0  0  0  -1  2   2  2  0  2  0  0/0    16:35   0:00   0:00 
Patrik Nemeth            0  0  0  -1  0   0  1  1  1  1  0/0    21:20   1:02   1:41 
Steven Delisle           0  0  0   0  5   1  1  0  0  0  0/0    14:59   0:00   0:13 
Vinny Saponari           0  0  0   0  0   4  1  0  4  0  0/0    19:40   0:52   0:45 
Wacey Hamilton           0  1  1   0  0   1  4  0  2  1  3/9    19:08   0:52   0:30 
Zac Dalpe                0  0  0  -1  0   2  2  0  1  0  1/2    16:12   0:00   0:00 

Players Stats for Admirals

Player Name              G  A  P  +/- PIM S  H  SB GA TA FO     MP     PP MP  PK MP  
------------------------------------------------------------------------------------
Alex Grant               0  0  0  -1  0   1  4  0  0  1  0/0    24:12   2:17   1:12 
Brayden Irwin            0  0  0   0  0   0  0  0  0  0  0/0     0:00   0:00   0:00 
Bryan Rodney             0  0  0  -1  0   1  1  1  0  2  0/0    24:37   2:17   1:12 
Cade Fairchild           0  0  0   1  0   0  0  0  0  0  0/0    20:16   1:41   0:47 
Carter Ashton            0  2  2   2  0   6  0  0  2  0  0/0    15:04   0:00   0:00 
Carter Camper            0  0  0   0  0   0  2  0  1  2  3/6    11:28   0:00   0:00 
Darryl Boyce             0  0  0  -1  0   0  1  1  1  0  0/0    17:06   1:54   0:00 
Farm Player11            0  0  0   2  0   0  0  0  0  0  0/0    16:17   0:00   0:00 
Jean-Gabriel Pageau      2  0  2   2  0   4  2  0  0  0  5/6    15:28   0:00   0:43 
Jerry D'Amigo            0  0  0   0  0   3  1  1  3  1  0/0    16:44   2:04   0:00 
Jonathan Marchessault    0  0  0   0  2   1  3  0  0  0  1/2    21:11   2:04   0:00 
Keith Aucoin             0  0  0   0  0   3  1  0  1  0  6/11   18:00   2:04   1:16 
Mike Sislo               0  2  2   2  0   5  3  0  4  1  1/1    15:29   0:00   0:00 
Mike Zigomanis           0  0  0  -1  0   4  1  0  1  1  4/7    18:20   1:54   0:57 
Nathan McIver            0  0  0   1  5   0  0  2  0  1  0/0    15:30   0:00   0:00 
Ryan Bourque             0  0  0   0  0   0  0  0  0  0  0/1    11:00   0:00   1:02 
Scott Ford               0  0  0   0  0   0  0  0  0  2  0/0    20:11   1:41   0:47 
Sven Andrighetto         0  0  0  -1  0   2  1  1  5  0  1/1    17:06   1:54   0:00 

3 Stars

1 - Jean-Gabriel Pageau (NOR)
2 - Brad Thiessen (NOR)
3 - Mike Sislo (NOR)

Power Play

Stars - 0 on 1 Attempt(s) - 0.00%
Admirals - 0 on 2 Attempt(s) - 0.00%

Penalty Kill

Stars - 2 on 2 Attempt(s) - 100.00% - Score 0 goal in Penalty Kill
Admirals - 1 on 1 Attempt(s) - 100.00% - Score 0 goal in Penalty Kill

Official

Referees : Unknown
Linesman : Unknown

Game Notes

Nathan McIver and Steven Delisle fight to a draw at 2:05 of 3rd period

Finance

Level 1 -- Attendance: 1456 (72.80%) -- Ticket Income $50,960
Level 2 -- Attendance: 730 (73.00%) -- Ticket Income $10,950
Total Attendance: 2186 (72.87%)
Total Ticket Income: $61,910
Other Income: $30,336
Total Income: $92,246

Stars

5 vs 5 Forward 
   Center                   Left Wing                Right Wing               Time % Phy DF OF 
 1 Brad Malone              Justin Shugg             Alexandre Grenier        35     1   2  2  
 2 Wacey Hamilton           Zac Dalpe                Vinny Saponari           30     1   2  2  
 3 Justin Shugg             Micheal Haley            Joonas Rask              22     1   2  2  
 4 Brad Malone              Vinny Saponari           Michael Davies           13     1   2  2  

5 vs 5 Defense 
   Defense                  Defense                                           Time % Phy DF OF 
 1 Carlo Colaiacovo         Cameron Gaunce                                    35     1   2  2  
 2 Patrik Nemeth            Austin Madaisky                                   30     1   2  2  
 3 Steven Delisle           Dylan Yeo                                         22     1   2  2  
 4 Carlo Colaiacovo         Cameron Gaunce                                    13     1   2  2  

PowerPlay Forward 
   Center                   Left Wing                Right Wing               Time % Phy DF OF 
 1 Brad Malone              Justin Shugg             Alexandre Grenier        60     1   2  2  
 2 Wacey Hamilton           Joonas Rask              Vinny Saponari           40     1   2  2  

PowerPlay Defense
   Defense                  Defense                                           Time % Phy DF OF 
 1 Carlo Colaiacovo         Cameron Gaunce                                    60     1   2  2  
 2 Patrik Nemeth            Austin Madaisky                                   40     1   2  2  

Penalty Kill 4 Players Forward 
   Center                   Wing                     Time % Phy DF OF 
 1 Brad Malone              Alexandre Grenier        60     1   2  2  
 2 Justin Shugg             Vinny Saponari           40     1   2  2  

Penalty Kill 4 Players Defense
   Defense                  Defense                  Time % Phy DF OF 
 1 Carlo Colaiacovo         Cameron Gaunce           60     1   2  2  
 2 Patrik Nemeth            Austin Madaisky          40     1   2  2  

Penalty Kill - 3 Players Forward 
   Forward                                           Time % Phy DF OF 
 1 Brad Malone                                       60     1   2  2  
 2 Alexandre Grenier                                 40     1   2  2  

Penalty Kill - 3 Players Defense
   Defense                  Defense                  Time % Phy DF OF 
 1 Carlo Colaiacovo         Cameron Gaunce           60     1   2  2  
 2 Patrik Nemeth            Austin Madaisky          40     1   2  2  

4 vs 4 Forward 
   Center                   Wing                     Time % Phy DF OF 
 1 Brad Malone              Alexandre Grenier        60     1   2  2  
 2 Justin Shugg             Vinny Saponari           40     1   2  2  

4 vs 4 Defense
   Defense                  Defense                  Time % Phy DF OF 
 1 Carlo Colaiacovo         Cameron Gaunce           60     1   2  2  
 2 Patrik Nemeth            Austin Madaisky          40     1   2  2  

Last Minutes Offensive
   Center                   Left Wing                Right Wing               Defense                  Defense                  
   Brad Malone              Justin Shugg             Alexandre Grenier        Carlo Colaiacovo         Cameron Gaunce           

Last Minutes Defensive
   Center                   Left Wing                Right Wing               Defense                  Defense                  
   Brad Malone              Justin Shugg             Alexandre Grenier        Carlo Colaiacovo         Cameron Gaunce           

Goaltenders
Starting : Joey MacDonald           
Backup : Hannu Toivonen           

Extra Forwards
Normal : Joonas Rask, Micheal Haley, Justin Shugg - PP : Joonas Rask, Micheal Haley - PK : Brad Malone
Extra Defensemen
Normal : Steven Delisle, Dylan Yeo, Patrik Nemeth - PP : Steven Delisle - PK : Dylan Yeo, Patrik Nemeth
Penalty Shots
Brad Malone, Alexandre Grenier, Justin Shugg, Vinny Saponari, Joonas Rask

Admirals

5 vs 5 Forward 
   Center                   Left Wing                Right Wing               Time % Phy DF OF 
 1 Keith Aucoin             Jonathan Marchessault    Jerry D'Amigo            35     1   2  2  
 2 Mike Zigomanis           Darryl Boyce             Sven Andrighetto         30     1   2  2  
 3 Jean-Gabriel Pageau      Carter Ashton            Mike Sislo               22     1   2  2  
 4 Carter Camper            Ryan Bourque             Jonathan Marchessault    13     1   2  2  

5 vs 5 Defense 
   Defense                  Defense                                           Time % Phy DF OF 
 1 Alex Grant               Bryan Rodney                                      35     1   2  2  
 2 Cade Fairchild           Scott Ford                                        30     1   2  2  
 3 Nathan McIver            Farm Player11                                     22     1   2  2  
 4 Alex Grant               Bryan Rodney                                      13     1   2  2  

PowerPlay Forward 
   Center                   Left Wing                Right Wing               Time % Phy DF OF 
 1 Keith Aucoin             Jonathan Marchessault    Jerry D'Amigo            60     1   2  2  
 2 Mike Zigomanis           Darryl Boyce             Sven Andrighetto         40     1   2  2  

PowerPlay Defense
   Defense                  Defense                                           Time % Phy DF OF 
 1 Alex Grant               Bryan Rodney                                      60     1   2  2  
 2 Cade Fairchild           Scott Ford                                        40     1   2  2  

Penalty Kill 4 Players Forward 
   Center                   Wing                     Time % Phy DF OF 
 1 Jonathan Marchessault    Keith Aucoin             60     1   2  2  
 2 Mike Zigomanis           Jean-Gabriel Pageau      40     1   2  2  

Penalty Kill 4 Players Defense
   Defense                  Defense                  Time % Phy DF OF 
 1 Alex Grant               Bryan Rodney             60     1   2  2  
 2 Cade Fairchild           Scott Ford               40     1   2  2  

Penalty Kill - 3 Players Forward 
   Forward                                           Time % Phy DF OF 
 1 Jonathan Marchessault                             60     1   2  2  
 2 Keith Aucoin                                      40     1   2  2  

Penalty Kill - 3 Players Defense
   Defense                  Defense                  Time % Phy DF OF 
 1 Alex Grant               Bryan Rodney             60     1   2  2  
 2 Cade Fairchild           Scott Ford               40     1   2  2  

4 vs 4 Forward 
   Center                   Wing                     Time % Phy DF OF 
 1 Jonathan Marchessault    Keith Aucoin             60     1   2  2  
 2 Mike Zigomanis           Jean-Gabriel Pageau      40     1   2  2  

4 vs 4 Defense
   Defense                  Defense                  Time % Phy DF OF 
 1 Alex Grant               Bryan Rodney             60     1   2  2  
 2 Cade Fairchild           Scott Ford               40     1   2  2  

Last Minutes Offensive
   Center                   Left Wing                Right Wing               Defense                  Defense                  
   Keith Aucoin             Jonathan Marchessault    Jerry D'Amigo            Alex Grant               Bryan Rodney             

Last Minutes Defensive
   Center                   Left Wing                Right Wing               Defense                  Defense                  
   Keith Aucoin             Jonathan Marchessault    Jerry D'Amigo            Alex Grant               Bryan Rodney             

Goaltenders
Starting : Brad Thiessen            
Backup : Dan Ellis                

Extra Forwards
Normal : Carter Camper, Carter Ashton, Ryan Bourque - PP : Carter Camper, Carter Ashton - PK : Ryan Bourque
Extra Defensemen
Normal : Nathan McIver, Farm Player11, Cade Fairchild - PP : Nathan McIver - PK : Farm Player11, Cade Fairchild
Penalty Shots
Jonathan Marchessault, Keith Aucoin, Mike Zigomanis, Jean-Gabriel Pageau, Carter Camper

% Time on Ice - Stars

Lines # - Real PCT - Wanted PCT - Time Play
Normal Forward
1 - 27% - 35% - 14:39
2 - 26% - 30% - 13:39
3 - 31% - 22% - 16:22
4 - 16% - 13% - 8:40
Normal Defense
1 - 32% - 35% - 17:12
2 - 35% - 30% - 18:42
3 - 27% - 22% - 14:10
4 - 6% - 13% - 3:16
PP Forward
1 - 56% - 60% - 1:07
2 - 44% - 40% - 0:52
PP Defense
1 - 48% - 60% - 0:57
2 - 52% - 40% - 1:02
PK Forward
1 - 81% - 60% - 3:13
2 - 19% - 40% - 0:45
PK Defense
1 - 58% - 60% - 2:17
2 - 42% - 40% - 1:41
PK3 Forward
1 - 0% - 60%
2 - 0% - 40%
PK3 Defense
1 - 0% - 60%
2 - 0% - 40%
44 Forward
1 - 0% - 60%
2 - 0% - 40%
44 Defense
1 - 0% - 60%
2 - 0% - 40%
Last Minute Offensive  - 0:43
Last Minute Defensive  - 0:00
Total
Forward - 60:00
Defense - 60:00

% Time on Ice - Admirals

Lines # - Real PCT - Wanted PCT - Time Play
Normal Forward
1 - 26% - 35% - 14:07
2 - 29% - 30% - 15:29
3 - 27% - 22% - 14:28
4 - 18% - 13% - 9:26
Normal Defense
1 - 32% - 35% - 17:09
2 - 32% - 30% - 17:20
3 - 29% - 22% - 15:37
4 - 6% - 13% - 3:24
PP Forward
1 - 52% - 60% - 2:04
2 - 48% - 40% - 1:54
PP Defense
1 - 58% - 60% - 2:17
2 - 42% - 40% - 1:41
PK Forward
1 - 64% - 60% - 1:16
2 - 36% - 40% - 0:43
PK Defense
1 - 61% - 60% - 1:12
2 - 39% - 40% - 0:47
PK3 Forward
1 - 0% - 60%
2 - 0% - 40%
PK3 Defense
1 - 0% - 60%
2 - 0% - 40%
44 Forward
1 - 0% - 60%
2 - 0% - 40%
44 Defense
1 - 0% - 60%
2 - 0% - 40%
Last Minute Offensive  - 0:00
Last Minute Defensive  - 0:33
Total
Forward - 60:00
Defense - 60:00

Play by Play

1st period


0:01 of 1st period - Keith Aucoin wins face-off versus Brad Malone in neutral zone.
0:07 of 1st period - Minor Penalty to Jonathan Marchessault for Roughing.
0:08 of 1st period - Brad Malone wins face-off versus Ryan Bourque in Admirals zone.
0:42 of 1st period - Bryan Rodney is hit by Carlo Colaiacovo and loses puck.
1:03 of 1st period - Bryan Rodney is hit by Joonas Rask and loses puck.
1:18 of 1st period - Vinny Saponari is hit by Alex Grant and loses puck.
2:07 of 1st period - Penalty to Jonathan Marchessault is over, Jonathan Marchessault is back on ice.
2:18 of 1st period - Jean-Gabriel Pageau is hit by Dylan Yeo.
3:18 of 1st period - Minor Penalty to Micheal Haley for High sticking.
3:19 of 1st period - Brad Malone wins face-off versus Jonathan Marchessault in Stars zone.
4:19 of 1st period - Snap shot by Vinny Saponari.
4:19 of 1st period - Shot Misses the Net.
4:37 of 1st period - Snap shot by Jerry D'Amigo.
4:37 of 1st period - Shot Blocked by Patrik Nemeth.
4:39 of 1st period - Wrist shot by Keith Aucoin.
4:39 of 1st period - Stopped by Joey MacDonald without a rebound.
4:40 of 1st period - Brad Malone wins face-off versus Keith Aucoin in Stars zone.
4:53 of 1st period - Wrist shot by Sven Andrighetto.
4:53 of 1st period - Shot Misses the Net.
4:55 of 1st period - Backhand shot by Sven Andrighetto.
4:55 of 1st period - Deflect By Mike Zigomanis.
4:55 of 1st period - Stopped by Joey MacDonald with a rebound.
5:04 of 1st period - Snap shot by Mike Zigomanis.
5:04 of 1st period - Shot Blocked by Justin Shugg.
5:18 of 1st period - Penalty to Micheal Haley is over, Micheal Haley is back on ice.
5:28 of 1st period - Snap shot by Zac Dalpe.
5:28 of 1st period - Shot Hit the Post.
5:30 of 1st period - Snap shot by Wacey Hamilton.
5:30 of 1st period - Stopped by Brad Thiessen without a rebound.
5:31 of 1st period - Jean-Gabriel Pageau wins face-off versus Wacey Hamilton in Admirals zone.
5:31 of 1st period - Jean-Gabriel Pageau is hit by Wacey Hamilton.
5:58 of 1st period - Snap shot by Carter Ashton.
5:58 of 1st period - Deflect By Jean-Gabriel Pageau.
5:58 of 1st period - Stopped by Joey MacDonald without a rebound.
5:59 of 1st period - Justin Shugg wins face-off versus Carter Camper in Stars zone.
6:40 of 1st period - Darryl Boyce is hit by Austin Madaisky and loses puck.
7:54 of 1st period - Snap shot by Jerry D'Amigo.
7:54 of 1st period - Stopped by Joey MacDonald with a rebound.
8:22 of 1st period - Wrist shot by Brad Malone.
8:22 of 1st period - Stopped by Brad Thiessen with a rebound.
8:24 of 1st period - Snap shot by Carlo Colaiacovo.
8:24 of 1st period - Stopped by Brad Thiessen with a rebound.
8:26 of 1st period - Slapshot by Cameron Gaunce.
8:26 of 1st period - Stopped by Brad Thiessen with a rebound.
8:28 of 1st period - Snap shot by Cameron Gaunce.
8:28 of 1st period - Shot Blocked by Darryl Boyce.
8:42 of 1st period - Carlo Colaiacovo is hit by Alex Grant and loses puck.
8:54 of 1st period - Icing by Carlo Colaiacovo.
8:55 of 1st period - Carter Camper wins face-off versus Brad Malone in Stars zone.
9:39 of 1st period - Steven Delisle is hit by Mike Sislo and loses puck.
9:54 of 1st period - Jerry D'Amigo is hit by Micheal Haley and loses puck.
10:05 of 1st period - Zac Dalpe is hit by Jonathan Marchessault and loses puck.
10:20 of 1st period - Bryan Rodney is hit by Carter Bancks and loses puck.
10:37 of 1st period - Snap shot by Justin Shugg.
10:37 of 1st period - Deflect By Alexandre Grenier.
10:37 of 1st period - Deflect By Bryan Rodney.
10:37 of 1st period - Shot Misses the Net.
10:37 of 1st period - Puck is out of play.
10:38 of 1st period - Wacey Hamilton wins face-off versus Mike Zigomanis in Admirals zone.
10:55 of 1st period - Bryan Rodney is hit by Vinny Saponari and loses puck.
11:25 of 1st period - Patrik Nemeth is hit by Jonathan Marchessault and loses puck.
12:18 of 1st period - Carter Bancks is hit by Carter Camper and loses puck.
13:49 of 1st period - Jean-Gabriel Pageau is hit by Wacey Hamilton and loses puck.
14:14 of 1st period - Justin Shugg is hit by Keith Aucoin and loses puck.
14:33 of 1st period - Carter Camper is hit by Justin Shugg and loses puck.
14:49 of 1st period - Mike Zigomanis is hit by Michael Davies and loses puck.
14:56 of 1st period - Snap shot by Mike Zigomanis.
14:56 of 1st period - Stopped by Joey MacDonald without a rebound.
14:57 of 1st period - Mike Zigomanis wins face-off versus Brad Malone in Stars zone.
15:40 of 1st period - Slapshot by Micheal Haley.
15:40 of 1st period - Deflect By Joonas Rask.
15:40 of 1st period - Stopped by Brad Thiessen with a rebound.
15:56 of 1st period - Snap shot by Micheal Haley.
15:56 of 1st period - Stopped by Brad Thiessen without a rebound.
15:57 of 1st period - Mike Sislo wins face-off versus Dylan Yeo in Admirals zone.
16:04 of 1st period - Joonas Rask is hit by Mike Sislo and loses puck.
16:17 of 1st period - Carter Ashton is hit by Carlo Colaiacovo and loses puck.
16:52 of 1st period - Sven Andrighetto is hit by Dylan Yeo.
17:10 of 1st period - Snap shot by Zac Dalpe.
17:10 of 1st period - Shot Misses the Net.
17:12 of 1st period - Slapshot by Carlo Colaiacovo.
17:12 of 1st period - Deflect By Mike Zigomanis.
17:12 of 1st period - Stopped by Brad Thiessen with a rebound.
17:14 of 1st period - Snap shot by Carlo Colaiacovo.
17:14 of 1st period - Deflect By Zac Dalpe.
17:14 of 1st period - Stopped by Brad Thiessen without a rebound.
17:15 of 1st period - Keith Aucoin wins face-off versus Wacey Hamilton in Admirals zone.
17:47 of 1st period - Slapshot by Carlo Colaiacovo.
17:47 of 1st period - Shot Blocked by Nathan McIver.
17:49 of 1st period - Snap shot by Justin Shugg.
17:49 of 1st period - Shot Blocked by Nathan McIver.
18:03 of 1st period - Mike Zigomanis is hit by Joonas Rask and loses puck.
18:10 of 1st period - Wrist shot by Micheal Haley.
18:10 of 1st period - Shot Misses the Net.
18:12 of 1st period - Slapshot by Steven Delisle.
18:12 of 1st period - Shot Blocked by Sven Andrighetto.
18:14 of 1st period - Wrist shot by Joonas Rask.
18:14 of 1st period - Deflect By Darryl Boyce.
18:14 of 1st period - Stopped by Brad Thiessen with a rebound.
19:02 of 1st period - Off-side.
19:03 of 1st period - Carter Camper wins face-off versus Zac Dalpe in neutral zone.
19:12 of 1st period - Wrist shot by Carter Ashton.
19:12 of 1st period - Shot Misses the Net.
19:14 of 1st period - Slapshot by Cade Fairchild.
19:14 of 1st period - Shot Misses the Net.
19:52 of 1st period - Micheal Haley is hit by Bryan Rodney and loses puck.
Goals for this period are 0 for Stars vs 0 for Admirals.
Shots for this period are 9 for Stars vs 5 for Admirals.

2nd period


0:01 of 2nd period - Keith Aucoin wins face-off versus Brad Malone in neutral zone.
0:10 of 2nd period - Snap shot by Jerry D'Amigo.
0:10 of 2nd period - Stopped by Joey MacDonald with a rebound.
0:12 of 2nd period - Slapshot by Alex Grant.
0:12 of 2nd period - Shot Misses the Net.
0:34 of 2nd period - Wrist shot by Brad Malone.
0:34 of 2nd period - Shot Blocked by Bryan Rodney.
1:14 of 2nd period - Wrist shot by Darryl Boyce.
1:14 of 2nd period - Shot Misses the Net.
1:40 of 2nd period - Patrik Nemeth is hit by Jean-Gabriel Pageau and loses puck.
1:55 of 2nd period - Slapshot by Vinny Saponari.
1:55 of 2nd period - Deflect By Jean-Gabriel Pageau.
1:55 of 2nd period - Stopped by Brad Thiessen with a rebound.
1:57 of 2nd period - Wrist shot by Wacey Hamilton.
1:57 of 2nd period - Shot Misses the Net.
2:57 of 2nd period - Slapshot by Farm Player11.
2:57 of 2nd period - Shot Blocked by Austin Madaisky.
2:59 of 2nd period - Snap shot by Mike Zigomanis.
2:59 of 2nd period - Stopped by Joey MacDonald with a rebound.
3:57 of 2nd period - Justin Shugg is hit by Alex Grant and loses puck.
4:20 of 2nd period - Mike Sislo is hit by Zac Dalpe and loses puck.
4:44 of 2nd period - Mike Sislo is hit by Justin Shugg and loses puck.
4:59 of 2nd period - Michael Davies is hit by Sven Andrighetto.
6:06 of 2nd period - Cameron Gaunce is hit by Alex Grant and loses puck.
7:00 of 2nd period - Snap shot by Keith Aucoin.
7:00 of 2nd period - Shot Misses the Net.
7:20 of 2nd period - Micheal Haley is hit by Mike Zigomanis and loses puck.
7:29 of 2nd period - Wrist shot by Sven Andrighetto.
7:29 of 2nd period - Shot Misses the Net.
7:49 of 2nd period - Michael Davies is hit by Jerry D'Amigo.
8:11 of 2nd period - Wrist shot by Alexandre Grenier.
8:11 of 2nd period - Shot Misses the Net.
8:17 of 2nd period - Carter Ashton is hit by Brad Malone and loses puck.
8:36 of 2nd period - Carter Camper is hit by Austin Madaisky and loses puck.
8:41 of 2nd period - Wrist shot by Zac Dalpe.
8:41 of 2nd period - Shot Misses the Net.
8:49 of 2nd period - Slapshot by Vinny Saponari.
8:49 of 2nd period - Stopped by Brad Thiessen with a rebound.
9:44 of 2nd period - Michael Davies is hit by Mike Sislo and loses puck.
10:04 of 2nd period - Wrist shot by Vinny Saponari.
10:04 of 2nd period - Stopped by Brad Thiessen with a rebound.
10:06 of 2nd period - Wrist shot by Dylan Yeo.
10:06 of 2nd period - Deflect By Vinny Saponari.
10:06 of 2nd period - Stopped by Brad Thiessen with a rebound.
10:08 of 2nd period - Wrist shot by Brad Malone.
10:08 of 2nd period - Shot Misses the Net.
10:28 of 2nd period - Keith Aucoin is hit by Austin Madaisky and loses puck.
10:33 of 2nd period - Wrist shot by Zac Dalpe.
10:33 of 2nd period - Shot Blocked by Jerry D'Amigo.
10:35 of 2nd period - Snap shot by Micheal Haley.
10:35 of 2nd period - Shot Misses the Net.
10:37 of 2nd period - Snap shot by Joonas Rask.
10:37 of 2nd period - Deflect By Micheal Haley.
10:37 of 2nd period - Shot Misses the Net.
10:37 of 2nd period - Puck is out of play.
10:38 of 2nd period - Zac Dalpe wins face-off versus Mike Zigomanis in Admirals zone.
10:49 of 2nd period - Wrist shot by Sven Andrighetto.
10:49 of 2nd period - Deflect By Justin Shugg.
10:49 of 2nd period - Stopped by Joey MacDonald with a rebound.
15:02 of 2nd period - Carter Ashton is hit by Zac Dalpe and loses puck.
16:44 of 2nd period - Snap shot by Carter Ashton.
16:44 of 2nd period - Stopped by Joey MacDonald with a rebound.
17:00 of 2nd period - Keith Aucoin is hit by Justin Shugg and loses puck.
17:23 of 2nd period - Slapshot by Carlo Colaiacovo.
17:23 of 2nd period - Goal by Carlo Colaiacovo - Stars : 1 - Admirals : 0.
17:24 of 2nd period - Wacey Hamilton wins face-off versus Carter Camper in neutral zone.
17:33 of 2nd period - Wrist shot by Zac Dalpe.
17:33 of 2nd period - Stopped by Brad Thiessen with a rebound.
18:01 of 2nd period - Snap shot by Mike Sislo.
18:01 of 2nd period - Stopped by Joey MacDonald with a rebound.
18:05 of 2nd period - Wrist shot by Jean-Gabriel Pageau.
18:05 of 2nd period - Shot Misses the Net.
18:35 of 2nd period - Nathan McIver is hit by Steven Delisle and loses puck.
19:07 of 2nd period - Icing by Keith Aucoin.
19:08 of 2nd period - Carter Bancks wins face-off versus Keith Aucoin in Admirals zone.
19:15 of 2nd period - Slapshot by Carlo Colaiacovo.
19:15 of 2nd period - Stopped by Brad Thiessen without a rebound.
19:16 of 2nd period - Carter Bancks wins face-off versus Keith Aucoin in Admirals zone.
19:17 of 2nd period - Backhand shot by Carlo Colaiacovo.
19:17 of 2nd period - Stopped by Brad Thiessen with a rebound.
19:59 of 2nd period - Slapshot by Carlo Colaiacovo.
19:59 of 2nd period - Deflect By Mike Sislo.
19:59 of 2nd period - Stopped by Brad Thiessen with a rebound.
Goals for this period are 1 for Stars vs 0 for Admirals.
Shots for this period are 9 for Stars vs 5 for Admirals.

3rd period


0:01 of 3rd period - Alexandre Grenier wins face-off versus Keith Aucoin in neutral zone.
0:13 of 3rd period - Slapshot by Carlo Colaiacovo.
0:13 of 3rd period - Stopped by Brad Thiessen with a rebound.
0:15 of 3rd period - Slapshot by Carlo Colaiacovo.
0:15 of 3rd period - Stopped by Brad Thiessen with a rebound.
0:17 of 3rd period - Slapshot by Carlo Colaiacovo.
0:17 of 3rd period - Stopped by Brad Thiessen with a rebound.
0:19 of 3rd period - Slapshot by Cameron Gaunce.
0:19 of 3rd period - Stopped by Brad Thiessen with a rebound.
1:22 of 3rd period - Jerry D'Amigo is hit by Wacey Hamilton and loses puck.
1:55 of 3rd period - Mike Zigomanis is hit by Joonas Rask and loses puck.
2:05 of 3rd period - Nathan McIver and Steven Delisle fight to a draw.
2:05 of 3rd period - Penalty to Nathan McIver for Fighting.
2:05 of 3rd period - Penalty to Steven Delisle for Fighting.
2:06 of 3rd period - Jean-Gabriel Pageau wins face-off versus Brad Malone in Admirals zone.
2:13 of 3rd period - Slapshot by Carlo Colaiacovo.
2:13 of 3rd period - Deflect By Jean-Gabriel Pageau.
2:13 of 3rd period - Stopped by Brad Thiessen with a rebound.
2:30 of 3rd period - Michael Davies is hit by Jean-Gabriel Pageau and loses puck.
3:08 of 3rd period - Snap shot by Darryl Boyce.
3:08 of 3rd period - Deflect By Sven Andrighetto.
3:08 of 3rd period - Shot Blocked by Carlo Colaiacovo.
3:08 of 3rd period - Puck is out of play.
3:09 of 3rd period - Wacey Hamilton wins face-off versus Carter Camper in Stars zone.
3:20 of 3rd period - Wrist shot by Vinny Saponari.
3:20 of 3rd period - Deflect By Wacey Hamilton.
3:20 of 3rd period - Shot Misses the Net.
3:20 of 3rd period - Puck is out of play.
3:21 of 3rd period - Carter Camper wins face-off versus Wacey Hamilton in Admirals zone.
4:23 of 3rd period - Off-side.
4:24 of 3rd period - Justin Shugg wins face-off versus Jean-Gabriel Pageau in neutral zone.
4:38 of 3rd period - Wrist shot by Carter Ashton.
4:38 of 3rd period - Shot Misses the Net.
4:46 of 3rd period - Wrist shot by Jean-Gabriel Pageau.
4:46 of 3rd period - Goal by Jean-Gabriel Pageau - Stars : 1 - Admirals : 1.
4:47 of 3rd period - Mike Zigomanis wins face-off versus Wacey Hamilton in neutral zone.
4:50 of 3rd period - Vinny Saponari is hit by Darryl Boyce and loses puck.
4:59 of 3rd period - Snap shot by Sven Andrighetto.
4:59 of 3rd period - Stopped by Joey MacDonald with a rebound.
5:01 of 3rd period - Slapshot by Alex Grant.
5:01 of 3rd period - Shot Blocked by Carlo Colaiacovo.
5:03 of 3rd period - Backhand shot by Bryan Rodney.
5:03 of 3rd period - Deflect By Mike Zigomanis.
5:03 of 3rd period - Stopped by Joey MacDonald with a rebound.
5:05 of 3rd period - Slapshot by Alex Grant.
5:05 of 3rd period - Stopped by Joey MacDonald without a rebound.
5:06 of 3rd period - Mike Zigomanis wins face-off versus Wacey Hamilton in Stars zone.
5:44 of 3rd period - Snap shot by Carlo Colaiacovo.
5:44 of 3rd period - Deflect By Alexandre Grenier.
5:44 of 3rd period - Stopped by Brad Thiessen without a rebound.
5:45 of 3rd period - Keith Aucoin wins face-off versus Brad Malone in Admirals zone.
5:54 of 3rd period - Wrist shot by Jerry D'Amigo.
5:54 of 3rd period - Stopped by Joey MacDonald without a rebound.
5:55 of 3rd period - Brad Malone wins face-off versus Keith Aucoin in Stars zone.
6:02 of 3rd period - Austin Madaisky is hit by Jonathan Marchessault and loses puck.
6:13 of 3rd period - Slapshot by Jonathan Marchessault.
6:13 of 3rd period - Stopped by Joey MacDonald without a rebound.
6:14 of 3rd period - Jean-Gabriel Pageau wins face-off versus Brad Malone in Stars zone.
6:15 of 3rd period - Wrist shot by Carter Ashton.
6:15 of 3rd period - Stopped by Joey MacDonald with a rebound.
6:17 of 3rd period - Slapshot by Jean-Gabriel Pageau.
6:17 of 3rd period - Stopped by Joey MacDonald with a rebound.
6:19 of 3rd period - Snap shot by Mike Sislo.
6:19 of 3rd period - Stopped by Joey MacDonald with a rebound.
6:25 of 3rd period - Snap shot by Carter Ashton.
6:25 of 3rd period - Shot Hit the Post.
6:27 of 3rd period - Snap shot by Mike Sislo.
6:27 of 3rd period - Stopped by Joey MacDonald with a rebound.
6:29 of 3rd period - Snap shot by Carter Ashton.
6:29 of 3rd period - Shot Misses the Net.
6:31 of 3rd period - Snap shot by Carter Ashton.
6:31 of 3rd period - Stopped by Joey MacDonald without a rebound.
6:32 of 3rd period - Jean-Gabriel Pageau wins face-off versus Wacey Hamilton in Stars zone.
6:38 of 3rd period - Minor Penalty to Cameron Gaunce for Holding Stick.
6:39 of 3rd period - Jonathan Marchessault wins face-off versus Brad Malone in Stars zone.
7:05 of 3rd period - Penalty to Steven Delisle is over, Steven Delisle is back on ice.
7:05 of 3rd period - Wrist shot by Keith Aucoin.
7:05 of 3rd period - Stopped by Joey MacDonald with a rebound.
7:09 of 3rd period - Snap shot by Jerry D'Amigo.
7:09 of 3rd period - Shot Misses the Net.
7:15 of 3rd period - Snap shot by Jerry D'Amigo.
7:15 of 3rd period - Shot Misses the Net.
7:17 of 3rd period - Slapshot by Bryan Rodney.
7:17 of 3rd period - Stopped by Joey MacDonald without a rebound.
7:18 of 3rd period - Mike Zigomanis wins face-off versus Brad Malone in Stars zone.
8:38 of 3rd period - Penalty to Cameron Gaunce is over, Cameron Gaunce is back on ice.
9:55 of 3rd period - Vinny Saponari is hit by Carter Camper and loses puck.
10:26 of 3rd period - Ryan Bourque is hit by Austin Madaisky and loses puck.
10:41 of 3rd period - Slapshot by Keith Aucoin.
10:41 of 3rd period - Shot Misses the Net.
11:31 of 3rd period - Snap shot by Sven Andrighetto.
11:31 of 3rd period - Shot Misses the Net.
11:50 of 3rd period - Icing by Alex Grant.
11:51 of 3rd period - Justin Shugg wins face-off versus Mike Zigomanis in Admirals zone.
11:52 of 3rd period - Slapshot by Carlo Colaiacovo.
11:52 of 3rd period - Shot Misses the Net.
11:54 of 3rd period - Slapshot by Joonas Rask.
11:54 of 3rd period - Stopped by Brad Thiessen without a rebound.
11:55 of 3rd period - Jean-Gabriel Pageau wins face-off versus Justin Shugg in Admirals zone.
11:55 of 3rd period - Jean-Gabriel Pageau is hit by Micheal Haley.
12:17 of 3rd period - Snap shot by Mike Sislo.
12:17 of 3rd period - Stopped by Joey MacDonald with a rebound.
13:18 of 3rd period - Off-side.
13:19 of 3rd period - Sven Andrighetto wins face-off versus Brad Malone in neutral zone.
14:07 of 3rd period - Slapshot by Jean-Gabriel Pageau.
14:07 of 3rd period - Shot Blocked by Austin Madaisky.
14:11 of 3rd period - Wrist shot by Carter Ashton.
14:11 of 3rd period - Stopped by Joey MacDonald with a rebound.
14:13 of 3rd period - Wrist shot by Carter Ashton.
14:13 of 3rd period - Stopped by Joey MacDonald with a rebound.
14:15 of 3rd period - Slapshot by Mike Sislo.
14:15 of 3rd period - Stopped by Joey MacDonald with a rebound.
14:17 of 3rd period - Slapshot by Carter Ashton.
14:17 of 3rd period - Stopped by Joey MacDonald with a rebound.
14:19 of 3rd period - Wrist shot by Jean-Gabriel Pageau.
14:19 of 3rd period - Goal by Jean-Gabriel Pageau - Stars : 1 - Admirals : 2.
14:20 of 3rd period - Keith Aucoin wins face-off versus Justin Shugg in neutral zone.
15:29 of 3rd period - Jean-Gabriel Pageau is hit by Michael Davies and loses puck.
16:50 of 3rd period - Alex Grant is hit by Wacey Hamilton and loses puck.
18:07 of 3rd period - Snap shot by Micheal Haley.
18:07 of 3rd period - Deflect By Alexandre Grenier.
18:07 of 3rd period - Stopped by Brad Thiessen with a rebound.
18:09 of 3rd period - Backhand shot by Dylan Yeo.
18:09 of 3rd period - Shot Misses the Net.
18:11 of 3rd period - Snap shot by Micheal Haley.
18:11 of 3rd period - Stopped by Brad Thiessen with a rebound.
18:13 of 3rd period - Slapshot by Steven Delisle.
18:13 of 3rd period - Stopped by Brad Thiessen with a rebound.
18:33 of 3rd period - Wrist shot by Keith Aucoin.
18:33 of 3rd period - Stopped by Joey MacDonald without a rebound.
18:34 of 3rd period - Keith Aucoin wins face-off versus Brad Malone in Stars zone.
19:21 of 3rd period - Stars, Joey MacDonald is pulled from the net.
19:47 of 3rd period - Jerry D'Amigo is hit by Patrik Nemeth and loses puck.
Goals for this period are 0 for Stars vs 2 for Admirals.
Shots for this period are 10 for Stars vs 20 for Admirals.


Output by the SimonT Hockey Simulator (STHS) for Eric Dolegowski -- Original Page W3C XHTML 1.0 Valid
Hockey Simulator - Hockey Simulation - Hockey Manager